 Dungeon Crawl Stone Soup version 0.30-a0-377-g5cb311bc9f (webtiles) character file.

Game seed: 17717671463849210431

4695 retardedninja the Cleaver (level 10, -6/93 HPs)
             Began as a Hill Orc Fighter on Nov 29, 2022.
             Was an Initiate of Gozag.
             Mangled by an anaconda simulacrum (24 damage)
             ... on level 2 of the Abyss.
             The game lasted 00:13:12 (11787 turns).

retardedninja the Cleaver (Hill Orc Fighter)       Turns: 11787, Time: 00:13:13

Health: -6/93      AC: 16    Str: 24    XL:     10   Next: 44%
Magic:  10/10      EV:  4    Int:  8    God:    Gozag
Gold:   298        SH:  0    Dex: 10    Spells: 9/9 levels left

rFire   . . .      SeeInvis .    a - +3 war axe
rCold   . . .      Faith    .    c - +0 buckler
rNeg    . . .      Spirit   .    C - +0 plate armour
rPois   .          Reflect  .    (no helmet)
rElec   .          Harm     .    (no cloak)
rCorr   .          Rampage  .    q - +1 pair of gloves
Will    .....                    (no boots)
Stlth   ..........               (no amulet)
HPRegen 0.35/turn                (no ring)
MPRegen 0.12/turn                (no ring)

@: confused, brilliant, constricted
A: no striking features
a: Renounce Religion, Potion Petition, Call Merchant, Bribe Branch


You were on level 2 of the Abyss.
You worshipped Gozag.
Gozag was aware of your devotion.
You visited 1 branch of the dungeon, and saw 9 of its levels.
You visited the Abyss 1 time.
You also visited: Sewer.

You collected 1825 gold pieces.
You paid 1527 gold pieces to Gozag.

Inventory:

Hand Weapons
 a - a +3 war axe (weapon)
Missiles
 l - 2 throwing nets (quivered)
Armour
 c - a +0 buckler (worn)
 q - a +1 pair of gloves (worn)
 C - a +0 plate armour (worn)
Jewellery
 e - an amulet of the acrobat
 s - a ring of fire
 v - a ring of ice
Wands
 b - a wand of flame (17)
 u - a wand of roots (5)
 y - a wand of paralysis (7)
Scrolls
 h - a scroll of brand weapon
 i - 3 scrolls of blinking
 j - 2 scrolls of magic mapping
 k - a scroll of summoning
 m - 2 scrolls of teleportation
 z - a scroll of fear
 B - 2 scrolls of butterflies
Potions
 d - a potion of attraction
 f - a potion of magic
 g - 2 potions of flight
 n - 3 potions of curing
 o - 3 potions of brilliance
 p - 2 potions of ambrosia {unknown}
 r - a potion of degeneration {unknown}
 t - 2 potions of heal wounds
 x - a potion of resistance {unknown}


   Skills:
 + Level 9.8 Fighting
 + Level 10.1 Axes
 + Level 8.9 Armour
 + Level 8.9 Shields


You had 9 spell levels left.
You didn't know any spells.
Your spell library contained the following spells:

 Spells                   Type           Power      Damage    Failure   Level
 Freeze                   Ice            0%         1d3       100%        1
 Slow                     Hex            0%         N/A       100%        1
 Cigotuvi's Dreadful Rot  Necr/Pois/Air  0%         N/A       100%        2
 Poisonous Vapours        Pois/Air       0%         N/A       100%        2
 Confusing Touch          Hex            0%         N/A       100%        3
 Frozen Ramparts          Ice            0%         1d1       100%        3
 Hailstorm                Conj/Ice       0%         3d3       100%        3
 Mephitic Cloud           Conj/Pois/Air  0%         N/A       100%        3
 Ozocubu's Armour         Ice            0%         N/A       100%        3
 Summon Guardian Golem    Hex/Summ       0%         N/A       100%        3
 Vampiric Draining        Necr           0%         2d6       100%        3
 Dispel Undead            Necr           0%         3d6       100%        4
 Ice Form                 Ice/Tmut       0%         N/A       100%        4
 Summon Ice Beast         Ice/Summ       0%         N/A       100%        4
 Death Channel            Necr           0%         N/A       100%        6
 Orb of Destruction       Conj           0%         9d5       100%        7
 Ozocubu's Refrigeration  Ice            0%         4d7       100%        7
 Spellforged Servitor     Conj/Summ      0%         N/A       100%        7


Dungeon Overview and Level Annotations

Branches:
Dungeon (9/15)             Temple (0/1) D:6           Sewer (visited)
   Lair: D:8-11         Orc: D:9-12

Altars:
Elyvilon
Gozag
Kikubaaqudgha
Nemelex Xobeh
Trog
Xom
Zin

Annotations:
D:9 Erolcha


Message History

[c] - 300 gold - resistance Purchase which effect?
You no longer have enough gold to petition Gozag for potion effects.
You no longer have enough gold to fund merchants seeking to open stores in the dungeon.
You feel very mighty all of a sudden.
You feel clever all of a sudden.
You feel much better.
You feel better. Magic courses through your body.
Erolcha mumbles some strange words.
Erolcha flickers and vanishes!
Deactivating autopickup; reactivate with Ctrl-A.
Unknown command.
Unknown command.
You barely miss something.
You hear some strange, mumbled words.
You are cast into the Abyss!
This branch contains the abyssal rune of Zot.
Reactivating autopickup.
Unknown command.
Unknown command.
A vampire comes into view.
You feel a little less mighty now. The vampire casts a spell at you.
You are confused.
You bump into the stone wall.
You bump into the stone wall.
The anaconda simulacrum grabs you.
The anaconda simulacrum bites you but does no damage.
The anaconda simulacrum constricts you.
You bump into the stone wall.
The anaconda simulacrum bites you but does no damage.
The anaconda simulacrum constricts you. The vampire hits you.
The vampire bites you but does no damage.
You bump into the stone wall.
The anaconda simulacrum bites you! The anaconda simulacrum freezes you!!
* * * LOW HITPOINT WARNING * * *
The anaconda simulacrum constricts you.
* * * LOW HITPOINT WARNING * * *
The anaconda simulacrum bites you!
* * * LOW HITPOINT WARNING * * *
The anaconda simulacrum freezes you!!
You die...
Your body crumbles into a pile of gold.

##..........
. #.
##....###.#
##.##..V .#
. #..###.#.#
#.#..# ## #
# #..# #..#
#####V#
#...Z@#
#.#.##.# #.#
#.# ## ...
... #....
##.. ..


You could see a vampire and an anaconda simulacrum.

Vanquished Creatures
  Pikel (D:7)
  Maggie (D:8)
  A troll (D:9)
  A shadow (D:9)
  A wyvern (D:8)
  A water moccasin (D:7)
  A sky beast (D:6)
  An orc warrior (D:7)
  2 ogres
  3 centaurs
  3 phantoms
  5 bullfrogs
  2 necrophages
  3 scorpions
  8 wights
  3 howler monkeys
  5 jellies
  9 orc priests
  3 hounds (D:6)
  A gnoll bouda (D:5)
  4 iguanas
  17 orc wizards
  6 adders
  9 gnolls
  A river rat (D:3)
  2 shadow imps
  A white imp (D:5)
  An ufetubus (D:5)
  A worm (D:5)
  4 dart slugs
  35 orcs
  6 endoplasms
  11 giant cockroaches
  8 goblins
  6 hobgoblins
  4 jackals (D:4)
  5 quokkas
  20 ball pythons
  11 bats
  8 frilled lizards
  9 kobolds
  9 rats
233 creatures vanquished.

Vanquished Creatures (others)
  An angel (D:6)
  An orc wizard (D:6)
2 creatures vanquished.

Grand Total: 235 creatures vanquished

Notes
Turn   | Place    | Note
-------+----------+-------------------------------------------
     0 | D:1      | retardedninja the Hill Orc Fighter began the quest for the
                  | Orb.
     0 | D:1      | Reached XP level 1. HP: 19/19 MP: 1/1
   154 | D:1      | You fall into a shaft and drop 1 floor!
   165 | D:1      | Reached XP level 2. HP: 21/27 MP: 2/2
   199 | D:1      | Reached skill level 3 in Axes
   285 | D:1      | Found a faded altar of an unknown god.
   495 | D:1      | Reached XP level 3. HP: 30/33 MP: 3/3
  1361 | D:2      | Reached XP level 4. HP: 39/40 MP: 4/4
  2009 | D:3      | Found an ancient bone altar of Kikubaaqudgha.
  2009 | D:3      | Found an opulent altar of Gozag.
  2018 | D:3      | Became a worshipper of Gozag Ym Sagoz the Greedy
  2059 | D:3      | Found a glowing drain.
  2073 | Sewer    | Entered a sewer
  2237 | Sewer    | Reached skill level 4 in Axes
  2336 | Sewer    | Reached XP level 5. HP: 16/47 MP: 5/5
  2791 | Sewer    | Reached skill level 5 in Fighting
  2791 | Sewer    | Reached XP level 6. HP: 15/56 MP: 6/6
  3678 | D:4      | Reached skill level 5 in Axes
  3749 | D:4      | Reached skill level 5 in Armour
  3749 | D:4      | Reached skill level 5 in Shields
  4261 | D:4      | Found a white marble altar of Elyvilon.
  4273 | D:4      | Reached XP level 7. HP: 51/62 MP: 7/7
  4581 | D:4      | Reached skill level 6 in Axes
  5429 | D:5      | Entered Level 5 of the Dungeon
  5570 | D:5      | Reached XP level 8. HP: 71/71 MP: 8/8
  6164 | D:5      | Noticed a moth of wrath
  6168 | D:5      | Found a bloodstained altar of Trog.
  6727 | D:6      | Reached skill level 7 in Axes
  6746 | D:6      | Killed an angel
  6760 | D:6      | Found a staircase to the Ecumenical Temple.
  6858 | D:6      | Found a sparkling altar of Nemelex Xobeh.
  7175 | D:6      | Found a glowing silver altar of Zin.
  7175 | D:6      | Found a shimmering altar of Xom.
  7828 | D:6      | Reached XP level 9. HP: 74/79 MP: 9/9
  8069 | D:7      | Reached skill level 8 in Axes
  8649 | D:7      | Noticed Pikel
  8664 | D:7      | Killed Pikel
  8872 | D:7      | Reached skill level 9 in Axes
  9894 | D:7      | Reached XP level 10. HP: 30/89 MP: 10/10
 10950 | D:8      | Noticed Maggie
 10983 | D:8      | Killed Maggie
 11578 | D:9      | Reached skill level 10 in Axes
 11724 | D:9      | Noticed Erolcha
 11736 | Abyss:2  | Cast into level 2 of the Abyss (Erolcha)
 11787 | Abyss:2  | Mangled by an anaconda simulacrum

Illustrated notes

Levels and vault maps discovered:
D:1:      minmay_arrival_loop, layout_rooms, shapermc_ecumenical_altar_gd,
          minmay_cupped
D:2:      layout_loops_cross
D:3:      layout_basic, jmf_multi_god_temple, portal_sewer_entry_b
D:4:      layout_loops_ring, lemuel_doored_altar
D:5:      layout_loops_cross, tgw_trog
D:6:      layout_loops_ring, grunt_temple_overflow_order_and_chaos_1,
          nemelex_spade_bored_becter, minmay_temple_entry_large_hall,
          small_statue_intersection, grunt_decor_mini_mirrors,
          serial_bayou_pond_e, minmay_puff
D:7:      layout_loops_cross, uniq_pikel
D:8:      layout_layer_cave, uniq_maggie
D:9:      layout_irregular_city, amcnicky_mini_corridor_feature,
          amcnicky_mini_rare_corridor_liquid, uniq_joseph, uniq_harold,
          uniq_erolcha
Abyss:2:  base: D:4, evilmike_abyss_exit_2

Skill      XL: |  1  2  3  4  5  6  7  8  9 10 |
---------------+-------------------------------+-----
Axes           | 3 4 5 6 7 9 10 | 10.1
Fighting       | 4 5 6 7 9 |  9.8
Shields        | 4 5 6 8 |  8.9
Armour         | 4 5 6 8 |  8.9

Action                   |  1- 3 |  4- 6 |  7- 9 | 10-12 || total
-------------------------+-------+-------+-------+-------++-------
Melee: War axe           |   107 |   229 |   313 |    94 ||   743
Invok: Potion Petition   |       |       |     1 |     2 ||     3
  Use: Scroll            |       |    11 |       |     8 ||    19
       Potion            |       |       |     3 |     2 ||     5
 Stab: Distracted        |       |       |     1 |       ||     1
Armor: Scale mail        |    43 |   135 |   141 |     4 ||   323
       Plate armour      |       |       |       |    61 ||    61
Dodge: Dodged            |    62 |   120 |   122 |    36 ||   340
Block: Buckler           |    36 |    54 |    62 |    23 ||   175

Table legend: (Time is in decaauts)
 A = Elapsed time spent in this place.
 B = Non-inter-level travel time spent in this place.
 C = Inter-level travel time spent in this place.
 D = Time resting spent in this place.
 E = Time spent auto-exploring this place.
 F = Levels seen in this place.
 G = Mean time per level.
                   A        B        C        D        E       F      G
               +--------+--------+--------+--------+--------+-----+--------+
         Total |  12044 |  11826 |    218 |   4087 |   5830 |  11 | 1094.9 |
       Dungeon |  10843 |  10625 |    218 |   3468 |   5516 |   9 | 1204.8 |
         Abyss |     50 |     50 |      0 |      0 |      6 |   1 |   50.0 |
         Sewer |   1150 |   1150 |      0 |    619 |    308 |   1 | 1150.0 |
               +--------+--------+--------+--------+--------+-----+--------+

Top non-repeatable levels by time:
     D:7: 2461 daAuts
     D:4: 1822 daAuts
     D:6: 1561 daAuts
     D:2: 1312 daAuts
   Sewer: 1150 daAuts
     D:5: 1110 daAuts
     D:8: 1030 daAuts
     D:3: 740 daAuts
     D:1: 599 daAuts
     D:9: 205 daAuts
 Abyss:2: 50 daAuts
